cohdb
Replays
Latest Replays
All Replays
Popular Replays
Top Player Replays
Match Explorer
How It Works
Community
CoH3 Stats
Reddit
Sign in to upload your games and track your stats! →
Sign in with Steam
Match 41671478
Unlisted
Match 41671478
Overview
Messages
Build Orders
End
Vickers Machine Gun Team
Construct Section Command Post
Infantry Section
Infantry Section
Grenade Package
Infantry Section
Construct Platoon Command Post
CMP 15cwt Truck
Infantry Section
Construct Company Command Post
Foot Guards Section
Foot Guards Section
jofripouille(billy bobe)
usmc961
Binio
wodbs385512
Lamperougel
KHERS [FOXES]
vincent
Happy PanzerVI
0
0
Comments
sign in to comment!
No comments posted yet!